 Dungeon Crawl Stone Soup version 0.23.2-40-g277498a001 (webtiles) character file.

Game seed: 9781232850299083230

38 EtherCrawl the Chopper (level 3, -6/33 HPs)
             Began as a Hill Orc Monk on Aug 30, 2019.
             Killed from afar by an orc wizard (7 damage)
             ... with a magic dart
             ... on level 1 of the Dungeon.
             The game lasted 00:02:04 (1090 turns).

EtherCrawl the Chopper (Hill Orc Monk)              Turns: 1090, Time: 00:02:05

Health: -6/33      AC:  5    Str: 14    XL:     3   Next: 43%
Magic:  3/3        EV: 13    Int: 10    God:
Gold:   23         SH:  0    Dex: 13    Spells: 2/2 levels left

rFire    . . .     SeeInvis .   a - +0 hand axe
rCold    . . .     Gourm    .   (no shield)
rNeg     . . .     Faith    .   b - +0 robe
rPois    .         Spirit   .   (no helmet)
rElec    .         Reflect  .   (no cloak)
rCorr    .         Harm     .   i - +0 pair of gloves
MR       .....                  (no boots)
Stlth    ++........             (no amulet)
HPRegen  0.11/turn              (no ring)
MPRegen  0.08/turn              (no ring)

@: no status effects
A: hooves 1, molten scales 1, wild magic 1
a: no special abilities


You were on level 1 of the Dungeon.
You were not hungry.

You visited 1 branch of the dungeon, and saw 2 of its levels.

You collected 23 gold pieces.

Inventory:

Hand Weapons
 a - a +0 hand axe (weapon)
Missiles
 h - 33 stones (quivered)
Armour
 b - a +0 robe (worn)
 i - a +0 pair of gloves (worn)
Scrolls
 e - 2 scrolls of immolation {unknown}
 g - a scroll of identify {unknown}
Potions
 d - 2 potions of mutation
 j - a potion of degeneration {unknown}
 k - a potion of heal wounds {unknown}
Comestibles
 c - 3 rations
 f - 2 chunks of flesh


   Skills:
 + Level 4.0 Fighting
 * Level 4.8 Axes
 + Level 2.7 Dodging
 + Level 2.0 Stealth


You had 2 spell levels left.
You didn't know any spells.
Your spell library was empty.

Dungeon Overview and Level Annotations

Branches:
Dungeon (2/15)

Altars:


Innate Abilities, Weirdness & Mutations

You have large cloven feet.
You are partially covered in molten scales. (AC +2)
Your spells are a little harder to cast, but a little more powerful.


Message History

* * * LOW HITPOINT WARNING * * *
You hit something. Something hits you.
* * * LOW HITPOINT WARNING * * *
Sorry, you're not good enough to have a special ability.
It was a potion of mutation.
You feel extremely strange.
Molten scales grow over part of your body.
Your feet thicken and deform.
You feel less in control of your magic. Something hits you but does no damage.
You barely miss something. Your kick misses something.
You feel less confused. Something hits you.
* * * LOW HITPOINT WARNING * * *
You hit something.
You hear some strange, mumbled words.
Something tries to affect you, but you resist.
You hit something but do no damage.
You hear some strange, mumbled words.
A magic dart appears from out of thin air!
The magic dart hits you!
You die...

...............#
#####)..#
..........##...# #...#
........#.##.### #..##
#...###......###### #..#
##..###...........# ##.#
#..##...#..####..#####.#
###....####.#
#.....##.###### ....##.#
#>####)###.........#
.....#.# #....{@#
#..#......# .......##
#..##### #..#......#
........###..#
#.........#
)........##..#
##.#......#
......##.....#
#.#.....[#
.....##......##
#.#..)...#
........###...##
#.#......# .......##
##...#### #.#......#
.......##
#......###.#.######


There were no monsters in sight!

Vanquished Creatures
  A worm (D:2)
  A dart slug (D:1)
  4 orcs
  3 giant cockroaches (D:1)
  7 goblins
  2 hobgoblins (D:1)
  A kobold (D:1)
  5 bats
  A frilled lizard (D:2)
  A rat (D:2)
26 creatures vanquished.

Notes
Turn   | Place    | Note
-------+----------+-------------------------------------------
     0 | D:1      | EtherCrawl the Hill Orc Monk began the quest for the Orb.
     0 | D:1      | Reached XP level 1. HP: 19/19 MP: 1/1
   134 | D:1      | Reached XP level 2. HP: 21/27 MP: 2/2
   666 | D:2      | Reached XP level 3. HP: 33/33 MP: 3/3
  1087 | D:1      | Gained mutation: You are partially covered in molten
                  | scales. (AC +2) [potion of mutation]
  1087 | D:1      | Gained mutation: You have large cloven feet. [potion of
                  | mutation]
  1087 | D:1      | Gained mutation: Your spells are a little harder to cast,
                  | but a little more powerful. [potion of mutation]
  1088 | D:1      | HP: 1/33 [something (2)]
  1090 | D:1      | Killed from afar by an orc wizard

Skill      XL: |  1  2  3 |
---------------+----------+-----
Stealth        | 2 |  2.0
Fighting       | 4 |  4.0
Axes           | |  4.8
Dodging        | |  2.7

Action                   || total
-------------------------++-------
Melee: Hand axe          ||    85
  Use: Potion            ||     1
 Stab: Sleeping          ||     2
  Eat: Chunk             ||     1
Armor: Robe              ||    17
Dodge: Dodged            ||    64
